 Dungeon Sprint DCSS version 0.30.1-4-g462c640d31 (webtiles) character file.

Game seed: 10117038692053571557

450 Heoruswealwe the Imperceptible (level 6, 0/29 HPs)
             Began as a Spriggan Artificer on Sept 14, 2023.
             Was the Champion of Zin.
             Slain by Sonja
             ... wielding a +0 short sword of distortion
              (21 damage)
             ... in the Dungeon (Sprint I: "Red Sonja").
             The game lasted 00:03:20 (121 turns).

Heoruswealwe the Imperceptible (Spriggan Artificer)  Turns: 121, Time: 00:03:22

Health: 0/29       AC:  2    Str:  8    XL:     6   Next: 74%
Magic:  7/7        EV: 18    Int: 12    God:    Zin [******]
Gold:   297        SH:  0    Dex: 18    Spells: 5/5 levels left

rFire   . . .        a - +0 dagger (venom)
rCold   . . .        (no shield)
rNeg    . . .        c - +0 robe
rPois   .            (helmet restricted)
rElec   .            (no cloak)
rCorr   .            (gloves unavailable)
SInv    +            (boots unavailable)
Will    +....        (no amulet)
Stlth   ++++++++     (no ring)
HPRegen 0.24/turn    (no ring)
MPRegen 0.10/turn

%: no teleportation
@: very quick
A: very small, no large weapons, unfitting armour, see invisible, speed 3
a: Renounce Religion, Recite, Vitalisation, Imprison, Sanctuary, Donate Gold


You were in the Dungeon.
You worshipped Zin.
Zin was exalted by your worship.
You visited 1 branch You collected 329 gold pieces.
You donated 32 gold pieces to Zin.

Inventory:

Hand Weapons
 a - a +0 dagger of venom (weapon)
Armour
 c - a +0 robe (worn)
Wands
 b - a wand of flame (33) (quivered)
 d - a wand of charming (15)
Scrolls
 k - a scroll of blinking
Potions
 f - a potion of curing
 g - a potion of heal wounds
 h - a potion of haste


   Skills:
 - Level 0.7 Fighting
 - Level 3.2 Dodging
 + Level 21.3 Stealth
 - Level 4.0 Evocations


You had 5 spell levels left.
You didn't know any spells.
Your spell library contained the following spells:

 Spells                   Type           Power      Damage    Failure   Level
 Malign Gateway           Summ/Tloc      0%         N/A       100%        7
 Summon Horrible Things   Summ           0%         N/A       100%        8


Dungeon Overview and Level Annotations

Branches:
Dungeon (1/1)

Altars:
Cheibriados
Dithmenos
Elyvilon
Fedhas
Gozag
Hepliaklqana
Kikubaaqudgha
Nemelex Xobeh
Okawaru
Qazlal
Ru
Sif Muna
Trog
Uskayaw
Vehumet
Wu Jian
Yredelemnul
Zin
The Shining One

Shops:
D (

Annotations:
D Sonja


Innate Abilities, Weirdness & Mutations

You are very small and have problems with some larger weapons.
You are too small for most types of armour.
You have supernaturally acute eyesight. (SInv)
You cover ground extremely quickly. (Speed+++)


Message History

You can now call upon Zin for vitalisation.
You can now call upon Zin to imprison the lawless.
You can now call upon Zin to create a sanctuary.
Zin will now cleanse your potions of mutation.
You can now donate money to Zin.
There is a bloodstained altar of Trog here.
There is an entrance to Fit Heit's Weapon Emporium here.
There is an open door here.
You open the door.
Sonja, the Graceful Assassin comes into view.
She is wielding a +0 short sword of distortion and quivering curare-tipped darts.
Found 108 gold pieces.
There is an open door here.
Sonja shouts!
There is an open door here.
You close the door.
Sonja opens the door.
Sonja casts a spell.
Sonja blinks!
Aiming: Iceblast
Press: ? - help, Shift-Dir - straight line, f - Sonja
Aim: Sonja, wielding a +0 short sword of distortion and quivering curare-tipped darts The mass of ice explodes!
The iceblast engulfs Sonja!
Sonja is moderately wounded.
Aiming: Iceblast
Press: ? - help, Shift-Dir - straight line, f/p - Sonja
Aim: Sonja, wielding a +0 short sword of distortion and quivering curare-tipped darts (moderately wounded)
The mass of ice explodes!
The iceblast engulfs Sonja!!
Sonja is almost dead.
The now-empty wand crumbles to dust.
Sonja mumbles some strange words.
Sonja blinks!
The puff of flame misses Sonja.
Sonja throws a curare-tipped dart.
The curare-tipped dart barely misses you.
The puff of flame misses Sonja.
The puff of flame misses Sonja.
Sonja barely misses you. Sonja completely misses you.
Sonja hits you but does no damage. Space warps around you.
Sonja hits you with a +0 short sword of distortion.
Space warps horribly around you!!
Ouch! That really hurt!
You die...

################
#<.#..'..#.)'..#
#..)..#..'..#..+
#.)#####'#####'#
#..####..#...#.#
#..#__####..##.#
#..#_____##'#_.+
#⌠⌠#_.∩...'.K._#
####_..__##_@#'#
#_____###'#.#
####### #.###
+$.$+ #$.$#
##.## #+#


You could see Sonja.

Vanquished Creatures
  Sigmund (D)
  A yak (D)
  An ogre (D)
  A jelly (D)
  Ijyb (D)
5 creatures vanquished.

Notes
Turn   | Place    | Note
-------+----------+-------------------------------------------
     0 | D        | Heoruswealwe the Spriggan Artificer began the quest for the
                  | Orb.
     0 | D        | Reached XP level 1. HP: 9/9 MP: 2/2
     1 | D        | Noticed Ijyb
     7 | D        | Killed Ijyb
     8 | D        | Reached skill level 9 in Stealth
     8 | D        | Reached XP level 2. HP: 14/14 MP: 3/3
    18 | D        | Noticed an ogre
    28 | D        | Killed an ogre
    29 | D        | Reached skill level 14 in Stealth
    29 | D        | Reached XP level 3. HP: 17/17 MP: 4/4
    29 | D        | Reached XP level 4. HP: 21/21 MP: 5/5
    43 | D        | Noticed Sigmund
    46 | D        | Killed Sigmund
    47 | D        | Reached skill level 18 in Stealth
    47 | D        | Reached XP level 5. HP: 25/25 MP: 6/6
    47 | D        | Reached XP level 6. HP: 29/29 MP: 7/7
    58 | D        | Found an ornate altar of the Wu Jian Council.
    58 | D        | Found a shimmering blue altar of Sif Muna.
    60 | D        | Found a radiant altar of Vehumet.
    65 | D        | Reached skill level 19 in Stealth
    94 | D        | Found Fit Heit's Weapon Emporium.
    94 | D        | Found an ancient bone altar of Kikubaaqudgha.
    94 | D        | Found a hazy altar of Hepliaklqana.
    94 | D        | Found a stormy altar of Qazlal.
    94 | D        | Found a hide-covered altar of Uskayaw.
    94 | D        | Found a blossoming altar of Fedhas.
    94 | D        | Found a bloodstained altar of Trog.
    94 | D        | Found an iron altar of Okawaru.
    94 | D        | Found a basalt altar of Yredelemnul.
    94 | D        | Found a glowing golden altar of the Shining One.
    94 | D        | Found a snail-covered altar of Cheibriados.
    94 | D        | Found a sacrificial altar of Ru.
    94 | D        | Found a glowing silver altar of Zin.
    94 | D        | Found a shadowy altar of Dithmenos.
    94 | D        | Found a white marble altar of Elyvilon.
    94 | D        | Noticed a yak
    95 | D        | Found an opulent altar of Gozag.
    96 | D        | Killed a yak
    97 | D        | Reached skill level 21 in Stealth
    97 | D        | Found a sparkling altar of Nemelex Xobeh.
   102 | D        | Became a worshipper of Zin the Law-Giver
   102 | D        | Reached * piety under Zin
   102 | D        | Reached ** piety under Zin
   102 | D        | Reached *** piety under Zin
   102 | D        | Reached **** piety under Zin
   102 | D        | Reached ***** piety under Zin
   102 | D        | Reached ****** piety under Zin
   111 | D        | Noticed Sonja
   121 | D        | Slain by Sonja

Illustrated notes

Levels and vault maps discovered:
D:        dungeon_sprint_1 [red_sonja_temple_1, red_sonja_temple_small_1]

Skill      XL: |  1  2  3  4  5  6 |
---------------+-------------------+-----
Stealth        | 9 14 18 21 | 21.3
Fighting       | |  0.7
Dodging        | |  3.2
Evocations     | |  4.0

Action                     |  1- 3 |  4- 6 || total
---------------------------+-------+-------++-------
  Melee: Dagger            |       |     3 ||     3
  Evoke: Wand              |     8 |     5 ||    13
   Stab: Sleeping          |       |     3 ||     3
 Armour: Robe              |       |     1 ||     1
  Dodge: Dodged            |     2 |     3 ||     5
